 Dungeon Crawl Stone Soup version 0.28-a0-21-gf74fda84f9 (webtiles) character file.

Game seed: 5404918246017867642

408 pkoi the Bolt Thrower (level 6, -5/79 HPs)
             Began as a Minotaur Hunter on July 26, 2021.
             Was an Initiate of Dithmenos.
             Slain by a gnoll sergeant (7 damage)
             ... on level 4 of the Dungeon.
             The game lasted 00:03:59 (4641 turns).

pkoi the Bolt Thrower (Minotaur Hunter)             Turns: 4641, Time: 00:03:59

Health: -5/79      AC: 23    Str: 19    XL:     6   Next: 57%
Magic:  5/5        EV:  2    Int:  8    God:    Dithmenos [......]
Gold:   140        SH:  0    Dex: 10    Spells: 5/5 levels left

rFire   . . .      SeeInvis .   b - +0 war axe (venom)
rCold   . . .      Faith    .   (no shield)
rNeg    + + +      Spirit   .   (armour currently unavailable)
rPois   +          Reflect  .   (helmet currently unavailable)
rElec   .          Harm     .   (cloak currently unavailable)
rCorr   .          Rampage  .   (gloves currently unavailable)
Will    .....      NoTele   +   (boots currently unavailable)
Stlth   ++........              (no amulet)
HPRegen 0.23/turn               (no ring)
MPRegen 0.09/turn               (no ring)

@: mighty, lethally poisoned (-5 -> -9), tree-form
A: stationary, stasis, torment immunity, boosted hp, (horns 2), (retaliatory
headbutt)
a: Renounce Religion


You were on level 4 of the Dungeon.
You worshipped Dithmenos.
Dithmenos was noncommittal.
You were a tree.
You visited 2 branches of the dungeon, and saw 6 of its levels.

You collected 140 gold pieces.

Inventory:

Hand Weapons
 a - a +1 hand crossbow
 b - a +0 war axe of venom (weapon)
 s - a +0 short sword
Missiles
 d - 35 bolts
 q - a throwing net (quivered)
Armour
 c - a +0 leather armour (melded)
 r - a +1 cloak (melded)
Jewellery
 f - a ring of magical power
 l - a ring of fire
 u - an amulet of regeneration
Scrolls
 g - 4 scrolls of fog
 i - 3 scrolls of teleportation
Potions
 h - 2 potions of attraction {unknown}
 j - 3 potions of curing {unknown}
 n - a potion of degeneration {unknown}
 o - 2 potions of mutation {unknown}


   Skills:
 + Level 4.7 Fighting
 + Level 2.8 Axes
 + Level 5.8 Crossbows
 + Level 4.4 Dodging
 - Level 1.4 Stealth


You had 5 spell levels left.
You didn't know any spells.
Your spell library was empty.

Dungeon Overview and Level Annotations

Branches:
Dungeon (5/15)             Temple (1/1) D:4

Altars:
Dithmenos
Elyvilon
Hepliaklqana
Kikubaaqudgha
Nemelex Xobeh
Okawaru
Qazlal
Ru
Trog
Wu Jian
Xom
Yredelemnul
Zin


Innate Abilities, Weirdness & Mutations

You are a tree.
Your roots penetrate the ground, keeping you stationary.
You cannot be teleported.
You are immune to unholy pain and torment.
Your maximum health is greatly increased.
Your equipment is partially melded.
((You have a pair of horns on your head.))
((You reflexively headbutt those who attack you in melee.))


Message History

You climb downwards.
The gnoll sergeant closely misses you.
The gnoll hits you from afar with a +0 spear.
The gnoll sergeant hits you with a +2 trident of venom!
You are poisoned.
There is a stone staircase leading up, spattered with blood here.
You feel very sick.
The gnoll hits you from afar with a +0 spear.
The gnoll sergeant hits you with a +2 trident of venom!
You climb upwards.
You feel very sick.
There is a stone staircase leading down here.
It was a potion of might.
You feel very mighty all of a sudden.
You feel sick. The gnoll sergeant barely misses you.
Really quaff the potion of lignification?
You turn into a tree.
Your +1 cloak melds into your body.
Your +0 leather armour melds into your body.
Your roots penetrate the ground.
You feel sick.
The gnoll sergeant completely misses you.
You closely miss the gnoll sergeant.
You feel sick.
The gnoll sergeant hits you with a +2 trident of venom.
* * * LOW HITPOINT WARNING * * *
You are more poisoned.
You slash the gnoll sergeant!
The gnoll sergeant is poisoned.
The gnoll sergeant is severely wounded.
You feel very sick.
The gnoll sergeant hits you with a +2 trident of venom!
* * * LOW HITPOINT WARNING * * *
You barely miss the gnoll sergeant.
The gnoll sergeant is severely wounded.
* * * LOW HITPOINT WARNING * * *
You feel sick.
The gnoll sergeant hits you but does no damage.
The gnoll sergeant completely misses you.
You barely miss the gnoll sergeant.
The gnoll sergeant is almost dead.
* * * LOW HITPOINT WARNING * * *
You feel very sick.
The gnoll sergeant hits you with a +2 trident of venom!
You die...

#....#.#.....##......#....>.#
#.
#....#.###'####......#......#
#.
#....#####....########......#
#.
##......###...#...........###
## #......#.....#...........#
#......#.....#...........#
#......'.....#...........#
#......#.....#g..........#
###'###########♣.....#####
#......# #.)....# #......#
#......# #......# #......#
######## #......# ########


You could see a gnoll sergeant (very poisoned).

Vanquished Creatures
  An ogre (D:4)
  A scorpion (D:4)
  A howler monkey (D:5)
  2 centaur zombies
  An iguana (D:5)
  Jessica (D:2)
  A gnoll (D:4)
  An adder (D:3)
  An adder skeleton (D:4)
  2 dart slugs
  An orc (D:4)
  10 ball pythons
  5 bats
  5 endoplasms
  2 giant cockroaches
  6 goblins
  13 hobgoblins
  6 jackals
  2 quokkas (D:2)
  A frilled lizard (D:1)
  4 kobolds
  7 rats
74 creatures vanquished.

Notes
Turn   | Place    | Note
-------+----------+-------------------------------------------
     0 | D:1      | pkoi the Minotaur Hunter began the quest for the Orb.
     0 | D:1      | Reached XP level 1. HP: 18/18 MP: 0/0
   425 | D:1      | Reached skill level 1 in Stealth
   555 | D:1      | Reached XP level 2. HP: 19/25 MP: 1/1
  1046 | D:1      | Reached XP level 3. HP: 31/31 MP: 2/2
  1255 | D:2      | Noticed Jessica
  1662 | D:2      | Killed Jessica
  1663 | D:2      | Reached XP level 4. HP: 38/38 MP: 3/3
  1928 | D:2      | Reached skill level 5 in Crossbows
  3052 | D:3      | Found a faded altar of an unknown god.
  3377 | D:4      | Noticed an ogre
  3384 | D:4      | Killed an ogre
  3385 | D:4      | Reached skill level 1 in Axes
  3385 | D:4      | Reached XP level 5. HP: 26/46 MP: 4/4
  4006 | D:4      | Found a staircase to the Ecumenical Temple.
  4016 | Temple   | Entered the Ecumenical Temple
  4062 | Temple   | Became a worshipper of Dithmenos the Shadowed
  4162 | D:4      | Reached XP level 6. HP: 53/53 MP: 5/5
  4313 | D:5      | Entered Level 5 of the Dungeon
  4641 | D:4      | HP: 2/79 [poisoned by a gnoll sergeant]
  4641 | D:4      | Slain by a gnoll sergeant

Illustrated notes

Levels and vault maps discovered:
D:1:      saegor_arrival_simple_e, layout_basic, minmay_unequal
D:2:      layout_loops_corners, uniq_jessica
D:3:      layout_basic, ebering_ecumenical_altar_ruins
D:4:      layout_gridville, minmay_temple_entry_glassed_door
D:5:      minmay_chambers_of_threes, layout_cave_pools,
          amethyst_overflow_temple_binary, grunt_ministairs_4, uniq_eustachio,
          uniq_edmund
Temple:   cyrus_circular_temple

Skill      XL: |  1  2  3  4  5 |
---------------+----------------+-----
Stealth        | 1 |  1.4
Fighting       | 3 4 |  4.7
Dodging        | 3 4 |  4.4
Crossbows      | 5 |  5.8
Axes           | 1 2 |  2.8

Action                   |  1- 3 |  4- 6 || total
-------------------------+-------+-------++-------
Melee: Short sword       |    42 |       ||    42
       Headbutt          |    10 |     1 ||    11
       War axe           |       |     9 ||     9
 Fire: Hand crossbow     |    42 |    82 ||   124
  Use: Scroll            |       |     5 ||     5
       Potion            |       |     2 ||     2
Armor: Leather armour    |    13 |     1 ||    14
       Skin              |       |     1 ||     1
Dodge: Dodged            |    35 |    12 ||    47

Table legend: (Time is in decaauts)
 A = Elapsed time spent in this place.
 B = Non-inter-level travel time spent in this place.
 C = Inter-level travel time spent in this place.
 D = Time resting spent in this place.
 E = Time spent auto-exploring this place.
 F = Levels seen in this place.
 G = Mean time per level.
                   A        B        C        D        E       F      G
               +--------+--------+--------+--------+--------+-----+--------+
         Total |   4677 |   4431 |    246 |    607 |   3386 |   6 |  779.5 |
       Dungeon |   4623 |   4384 |    239 |    607 |   3345 |   5 |  924.6 |
        Temple |     53 |     46 |      7 |      0 |     41 |   1 |   53.0 |
               +--------+--------+--------+--------+--------+-----+--------+

Top non-repeatable levels by time:
     D:1: 1280 daAuts
     D:4: 1256 daAuts
     D:3: 1096 daAuts
     D:2: 923 daAuts
     D:5: 66 daAuts
  Temple: 53 daAuts
